 Dungeon Crawl Stone Soup version 0.26-a0-639-g72c4674329 (webtiles) character file.

Game seed: 1326542205907545638

53 Borgoz the Ruffian (level 3, -3/31 HPs)
             Began as a Ghoul Monk on Sept 20, 2020.
             Slain by an adder (4 damage)
             ... on level 2 of the Dungeon.
             The game lasted 00:01:21 (1111 turns).

Borgoz the Ruffian (Ghoul Monk)                     Turns: 1111, Time: 00:01:21

Health: -3/31      AC:  2    Str: 14    XL:     3   Next: 87%
Magic:  2/2        EV: 13    Int:  5    God:
Gold:   29         SH:  0    Dex: 12    Spells: 2/2 levels left

rFire    . . .     SeeInvis .     - Unarmed
rCold    + . .     Faith    .   (no shield)
rNeg     + + +     Spirit   .   a - +0 robe
rPois    ∞         Reflect  .   (no helmet)
rElec    .         Harm     .   (no cloak)
rCorr    .         Rampage  .   (no gloves)
MR       .....                  (no boots)
Stlth    ++........             (no amulet)
HPRegen  0.00/turn              (no ring)
MPRegen  0.08/turn              (no ring)

@: stab
A: rotting body, claws 1, cold resistance 1, negative energy resistance 3,
inhibited regeneration, torment resistance, unbreathing
a: no special abilities


You were on level 2 of the Dungeon.
You visited 1 branch of the dungeon, and saw 2 of its levels.

You collected 29 gold pieces.

Inventory:

Armour
 a - a +0 robe (worn)
 b - a +0 ring mail
Scrolls
 g - 2 scrolls of noise {unknown}
 h - a scroll of identify {unknown}
Potions
 c - 2 potions of heal wounds {unknown}
 d - a potion of lignification
 f - a potion of mutation {unknown}
 i - a potion of flight {unknown}


   Skills:
 + Level 3.5 Fighting
 * Level 1.4 Armour
 + Level 2.9 Dodging
 + Level 2.5 Stealth
 * Level 4.0 Unarmed Combat


You had 2 spell levels left.
You didn't know any spells.
Your spell library was empty.

Dungeon Overview and Level Annotations

Branches:
Dungeon (2/15)

Altars:


Innate Abilities, Weirdness & Mutations

Your body is rotting away.
You thrive by killing the living.
You are immune to poison.
You have sharp fingernails.
Your flesh is cold resistant. (rC+)
You are immune to negative energy. (rN+++)
You do not regenerate when monsters are visible.
You are immune to unholy pain and torment.
You can survive without breathing.


Message History

* * * LOW HITPOINT WARNING * * *
You miss the adder. You claw the adder, but do no damage.
The adder is severely wounded.
The adder bites you.
* * * LOW HITPOINT WARNING * * *
You scratch the adder but do no damage.
The adder is severely wounded.
The adder misses you. The adder bites you.
* * * LOW HITPOINT WARNING * * *
It was a potion of stabbing.
You feel ready to backstab. The adder bites you.
* * * LOW HITPOINT WARNING * * *
You closely miss the adder.
The adder is severely wounded.
The adder bites you.
* * * LOW HITPOINT WARNING * * *
It was a potion of lignification.
You feel woody for a moment. The adder bites you.
You die...

#.......#
.......#
#.......#
+.......+
.......#
.# ...$..
.. .g#'#
#.##.#@#
#....#S#
#......#
#.#...<#
#...####
##.. #.
#. .


You could see an adder.

Vanquished Creatures
  3 oozes (D:1)
  A dart slug (D:1)
  A leopard gecko (D:1)
  5 goblins (D:1)
  7 hobgoblins
  7 jackals
  A kobold (D:1)
  2 bats (D:1)
  3 frilled lizards (D:1)
  3 rats (D:1)
33 creatures vanquished.

Notes
Turn   | Place    | Note
-------+----------+-------------------------------------------
     0 | D:1      | Borgoz the Ghoul Monk began the quest for the Orb.
     0 | D:1      | Reached XP level 1. HP: 19/19 MP: 0/0
    28 | D:1      | Reached XP level 2. HP: 21/26 MP: 1/1
   356 | D:1      | Reached skill level 1 in Armour
   381 | D:1      | Reached XP level 3. HP: 31/31 MP: 2/2
   780 | D:1      | Reached skill level 4 in Unarmed Combat
  1110 | D:2      | HP: 1/31 [adder (1)]
  1111 | D:2      | Slain by an adder

Illustrated notes

Levels and vault maps discovered:
D:1:      tarquinn_simple_flora_water_c, layout_loops_ring
D:2:      layout_basic, nicolae_overflow_crystal_walls, uniq_sigmund

Skill      XL: |  1  2  3 |
---------------+----------+-----
Armour         | 1 |  1.4
Unarmed Combat | 4 |  4.0
Fighting       | |  3.5
Dodging        | |  2.9
Stealth        | |  2.5

Action                   || total
-------------------------++-------
Melee: Unarmed           ||   113
       Punch             ||     7
  Use: Potion            ||     2
 Stab: Sleeping          ||     1
Armor: Robe              ||    23
Dodge: Dodged            ||    64

Table legend: (Time is in decaauts)
 A = Elapsed time spent in this place.
 B = Non-inter-level travel time spent in this place.
 C = Inter-level travel time spent in this place.
 D = Time resting spent in this place.
 E = Time spent auto-exploring this place.
 F = Levels seen in this place.
 G = Mean time per level.
                   A        B        C        D        E       F      G
               +--------+--------+--------+--------+--------+-----+--------+
         Total |   1105 |   1091 |     14 |    187 |    700 |   2 |  552.5 |
       Dungeon |   1105 |   1091 |     14 |    187 |    700 |   2 |  552.5 |
               +--------+--------+--------+--------+--------+-----+--------+

Top non-repeatable levels by time:
     D:1: 1069 daAuts
     D:2: 35 daAuts
